 Dungeon Crawl Stone Soup version 0.26-a0-958-gf3041fb45f (webtiles) character file.

Game seed: 13588146636291830890

576355 Delamore the Hoplite (level 27, -1/188 HPs)
             Began as a Gargoyle Fighter on Nov 30, 2020.
             Was the Champion of Okawaru.
             Killed from afar by a hellion (35 damage)
             ... with damnation
             ... created by the effects of Hell
             ... on level 7 of Gehenna.
             The game lasted 01:30:58 (53932 turns).

Delamore the Hoplite (Gargoyle Fighter)            Turns: 53932, Time: 01:30:59

Health: -1/188     AC: 56    Str: 27    XL:     27
Magic:  0/34       EV:  6    Int: 19    God:    Okawaru [******]
Gold:   3502       SH: 35    Dex: 16    Spells: 26/26 levels left

rFire    + + +     SeeInvis +   f - +6 morningstar "Cifiobi" {vorpal, rF++ rC+ Str-3}
rCold    + . .     Faith    .   c - +1 tower shield {rN+}
rNeg     + + .     Spirit   +   C - +7 crystal plate armour
rPois    ∞         Reflect  .   U - +1 hat {SInv}
rElec    +         Harm     .   R - scarf {rC+ rF+}
rCorr    .         Rampage  .   M - +0 pair of gloves {Str+3}
MR       +++++                  b - +0 pair of boots of Xemuh {Regen+ Slay+2}
Stlth    ..........             K - brooch of Shielding {Spirit SH+8}
HPRegen  0.81/turn              o - ring of Wozuoxim {*Contam +Fly rElec rPois MR+++}
MPRegen  0.24/turn              q - ring of the Mantidfly {rC- Int+2 Dex+5 Slay+4 Stlth+}

@: about to teleport, flying, lightly drained
A: big wings, agile 1, clever 1, negative energy resistance 1, electricity
resistance, unbreathing, petrification resistance, rot immunity, AC +20
}: 3/15 runes: decaying, silver, gossamer
a: Stop Flying, Heroism, Finesse, Renounce Religion


You were on level 7 of Gehenna.
You worshipped Okawaru.
Okawaru was exalted by your worship.
You visited 10 branches of the dungeon, and saw 50 of its levels.
You visited the Abyss 1 time.
You also visited: Sewer and Desolation.

You collected 6612 gold pieces.
You spent 3110 gold pieces at shops.

Inventory:

Hand Weapons
 f - the +6 morningstar "Cifiobi" (weapon) {vorpal, rF++ rC+ Str-3}
   (You found it on level 3 of the Abyss)

   It inflicts extra damage upon your enemies.
   It affects your strength (-3).
   It greatly protects you from fire.
   It protects you from cold.
 n - a +9 eveningstar of electrocution
Missiles
 O - 2 throwing nets
 P - 25 silver javelins (quivered)
 X - 18 javelins
Armour
 b - the +0 pair of boots of Xemuh (worn) {Regen+ Slay+2}
   (You bought it in a shop on level 2 of the Orcish Mines)

   It affects your accuracy and damage with ranged weapons and melee attacks
   (+2).
   It increases your rate of regeneration.
 c - a +1 tower shield of positive energy (worn)
 y - a +0 pair of gloves of archery
 C - a +7 crystal plate armour (worn)
 M - a +0 pair of gloves of strength (worn)
 R - a scarf of resistance (worn)
 U - a +1 hat of see invisible (worn)
Jewellery
 i - the ring "Jozeujeq" {MR+ MP+9 Str+6 Int+4 Stlth-}
   (You found it in the Desolation of Salt)

   [ring of strength]

   It affects your strength (+6).
   It affects your intelligence (+4).
   It affects your resistance to hostile enchantments.
   It affects your magic capacity (+9).
   It makes you less stealthy.
 j - the ring of Xiriss {rElec rC+ rN+ Str+6}
   (You found it on level 1 of the Depths)

   [ring of strength]

   It affects your strength (+6).
   It protects you from cold.
   It insulates you from electricity.
   It protects you from negative energy.
 o - the ring of Wozuoxim (left hand) {*Contam +Fly rElec rPois MR+++}
   (You took it off a vault warden on level 5 of the Vaults)

   [ring of flight]

   It insulates you from electricity.
   It protects you from poison.
   It affects your resistance to hostile enchantments.
   It lets you fly.
   It causes magical contamination when unequipped.
 q - the ring of the Mantidfly (right hand) {rC- Int+2 Dex+5 Slay+4 Stlth+}
   (You bought it in a shop on level 3 of the Vaults)

   [ring of slaying]

   It affects your intelligence (+2).
   It affects your dexterity (+5).
   It affects your accuracy and damage with ranged weapons and melee attacks
   (+4).
   It makes you vulnerable to cold.
   It makes you more stealthy.
 G - an uncursed ring of protection from cold
 K - the brooch of Shielding (around neck) {Spirit SH+8}
   (You found it on level 5 of the Dungeon)

   [amulet of guardian spirit]

   It causes incoming damage to be split between your health and magic.
   It affects your SH (+8).
 W - the ring of Macestot {rF+ Str+6 Int+3}
   (You found it in the Desolation of Salt)

   [ring of strength]

   It affects your strength (+6).
   It affects your intelligence (+3).
   It protects you from fire.
Wands
 e - a wand of disintegration (39)
 B - a wand of acid (21)
 E - a wand of iceblast (69)
 L - a wand of digging (29)
 Y - a wand of flame (18)
Scrolls
 a - 11 scrolls of fear
 g - a scroll of blinking
 h - 6 scrolls of enchant weapon
 k - a scroll of enchant armour
 l - 24 scrolls of remove curse
 s - 2 scrolls of immolation
 t - a scroll of identify
 v - 9 scrolls of fog
 w - 8 scrolls of teleportation
 x - 4 scrolls of magic mapping
 z - 3 scrolls of brand weapon
 F - 3 scrolls of noise
 I - 3 scrolls of silence
 J - a scroll of summoning
Potions
 d - 8 potions of might
 m - 19 potions of curing
 r - 6 potions of berserk rage
 u - 4 potions of resistance
 A - 10 potions of haste
 D - 9 potions of attraction
 N - a potion of cancellation
 Q - 5 potions of ambrosia
 S - 3 potions of mutation
 Z - 2 potions of invisibility
Miscellaneous
 H - a tin of tremorstones (2/2)
 V - a condenser vane


   Skills:
 + Level 23.1(22.9) Fighting
 + Level 18.1(17.9) Maces & Flails
 + Level 11.8(11.7) Throwing
 + Level 16.5(16.4) Armour
 - Level 25.0(24.8) Shields
 - Level 15.0(14.8) Invocations
 - Level 15.0(14.8) Evocations


You had 26 spell levels left.
You didn't know any spells.
Your spell library contained the following spells:

 Spells                   Type           Power        Failure   Level
 Animate Skeleton         Necr           #.....       98%         1
 Apportation              Tloc           #.....       98%         1
 Beastly Appendage        Tmut           #.....       98%         1
 Corona                   Hex            #......      98%         1
 Freeze                   Ice            #...         98%         1
 Magic Dart               Conj           #...         98%         1
 Pain                     Necr           #...         98%         1
 Shock                    Conj/Air       #...         98%         1
 Summon Small Mammal      Summ           #...         98%         1
 Blink                    Tloc           N/A          99%         2
 Call Imp                 Summ           #.......     99%         2
 Ensorcelled Hibernation  Hex/Ice        #.....       99%         2
 Passwall                 Tmut/Erth      #.......     99%         2
 Searing Ray              Conj           #.....       99%         2
 Slow                     Hex            #.......     99%         2
 Swiftness                Air            #.......     99%         2
 Wereblood                Tmut           #.......     99%         2
 Call Canine Familiar     Summ           #.......     100%        3
 Confusing Touch          Hex            #.......     100%        3
 Conjure Flame            Conj/Fire      #.......     100%        3
 Dazzling Flash           Conj/Hex       #.....       100%        3
 Inner Flame              Hex/Fire       #.......     100%        3
 Mephitic Cloud           Conj/Pois/Air  #.......     100%        3
 Portal Projectile        Hex/Tloc       #.....       100%        3
 Spider Form              Tmut/Pois      #.........   100%        3
 Static Discharge         Conj/Air       #.......     100%        3
 Stone Arrow              Conj/Erth      #.....       100%        3
 Summon Guardian Golem    Hex/Summ       #.......     100%        3
 Tukima's Dance           Hex            #.......     100%        3
 Vampiric Draining        Necr           #.........   100%        3
 Airstrike                Air            #.........   100%        4
 Animate Dead             Necr           #.........   100%        4
 Cause Fear               Hex            #.........   100%        4
 Fulminant Prism          Conj/Hex       #.........   100%        4
 Hailstorm                Conj/Ice       #.......     100%        4
 Ice Form                 Ice/Tmut       #.......     100%        4
 Iskenderun's Mystic Bla  Conj/Tloc      #.......     100%        4
 Leda's Liquefaction      Hex/Erth       #.........   100%        4
 Summon Ice Beast         Ice/Summ       #.......     100%        4
 Summon Lightning Spire   Summ/Air       #.......     100%        4
 Agony                    Necr           #.......     100%        5
 Blade Hands              Tmut           #.........   100%        5
 Bolt of Magma            Conj/Fire/Erth #.........   100%        5
 Irradiate                Conj/Tmut      #.........   100%        5
 Iskenderun's Battlesphe  Conj           #.......     100%        5
 Lightning Bolt           Conj/Air       #.........   100%        5
 Summon Demon             Summ           #.........   100%        5
 Summon Forest            Summ/Tloc      #.........   100%        5
 Summon Mana Viper        Hex/Summ       #.......     100%        5
 Hydra Form               Tmut           #.........   100%        6
 Iron Shot                Conj/Erth      #.........   100%        6
 Shadow Creatures         Summ           N/A          100%        6
 Dragon Form              Tmut           #.........   100%        7
 Haunt                    Necr/Summ      #.........   100%        7
 Orb of Destruction       Conj           #.........   100%        7
 Spellforged Servitor     Conj/Summ      #.........   100%        7
 Summon Hydra             Summ           #.........   100%        7
 Borgnjor's Revivificati  Necr           #.........   100%        8
 Chain Lightning          Conj/Air       #.........   100%        8
 Ignition                 Fire           #.........   100%        8
 Infestation              Necr           #.........   100%        8
 Lehudib's Crystal Spear  Conj/Erth      #.........   100%        8
 Necromutation            Tmut/Necr      #.........   100%        8
 Absolute Zero            Ice            #.........   100%        9
 Death's Door             Necr           #.........   100%        9
 Fire Storm               Conj/Fire      #.........   100%        9
 Shatter                  Erth           #.........   100%        9
 Tornado                  Air            #.........   100%        9
 Sublimation of Blood     Necr           Unusable     N/A         2
 Statue Form              Tmut/Erth      Unusable     N/A         6

Dungeon Overview and Level Annotations

Branches:
Dungeon (15/15)            Temple (1/1) D:4            Lair (6/6) D:9
  Swamp (4/4) Lair:3       Spider (4/4) Lair:2        Slime (0/5) Lair:5
    Orc (2/2) D:10            Elf (0/3) Orc:2        Vaults (5/5) D:14
  Crypt (0/3) Vaults:2     Depths (5/5) D:15           Hell (visited)
    Geh (7/7) Hell            Zot (0/5) Depths:5      Sewer (visited)
Desolation (visited)
    Dis: Hell:1         Coc: Hell:1         Tar: Hell:1

Altars:
Cheibriados
Elyvilon
Fedhas
Gozag
Kikubaaqudgha
Nemelex Xobeh
Okawaru
Ru
Sif Muna
Trog
Uskayaw
Vehumet
Wu Jian
Xom
Yredelemnul
Zin
The Shining One
Beogh

Shops:
D:2 *   D:7 =   D:8 ?   D:10 ([   Orc:1 }:*:   Orc:2 ([*[*   Vaults:2 *
Vaults:3 *   Vaults:5 [}   Depths:2 :

Portals:
Hell: Depths:1 Depths:2 Depths:3 Depths:4 Depths:5
Abyss: D:5 Depths:2 Depths:4
Pandemonium: Depths:3 Depths:5
Ziggurat: Depths:5
Trove: Depths:5 (give ring "Tuburaq")

Annotations:
Lair:2 exclusion: oklob plant


Innate Abilities, Weirdness & Mutations

You are resistant to torment.
Your stone body is resilient. (AC +20)
You are immune to poison.
Your large and strong wings let you fly indefinitely.
You resist negative energy. (rN+)
You are resistant to electric shocks. (rElec)
You can survive without breathing.
You are immune to petrification.
You are immune to rotting.
You are agile. (Dex +2)
Your mind is acute. (Int +2)


Message History

You block the hell hound's attack. You block the red devil's attack.
You block the hell hound's attack.
Blink to where?
Press: ? - help, Dir - move target
As you read the scroll of blinking, it crumbles to dust.
You smell brimstone.
Strange energies run through your body. You partially resist.
You feel drained.
* * * LOW HITPOINT WARNING * * *
A red devil, a hellion, a tormentor, a flayed ghost and a zombie come into view.
The red devil is wielding a +2 demon trident of venom.
You feel much better.
As you read the scroll of teleportation, it crumbles to dust.
You feel strangely unstable. The hell hound breathes flames at you.
The blast of flame hits you. You resist.
* * * LOW HITPOINT WARNING * * *
The tormentor shouts, "Prepare for my thousand needles of pain!"
The hellion gestures at you.
The sphere of damnation explodes!
The damnation engulfs you!!
You die...

.≈≈)÷#........§..##########≈≈≈≈≈≈
).)÷()....############## *≈≈≈≈≈≈
..))##############.....####≈≈≈≈≈≈
###########.....##......+.#≈≈≈≈≈≈
#####....##.....#.......+.#≈≈≈≈≈≈
...##....#...#..'..#..#.#4#≈≈≈≈≈≈
...'..#..'.....4'Z)#..#)#)#≈≈≈≈≈≈
.#.###.##'##'#.#2##h2.94)4#≈≈≈≈≈≈
...'..#..'..[...@..#..#)#)#≈≈≈≈≈≈
...##....#...#.2W..#..#.#)#≈≈≈≈≈≈
#+###....##.....#.......')#≈≈≈≈≈≈
≈≈≈≈*#''###.....##......'.#≈≈≈≈≈≈
≈≈≈≈≈≈≈≈§≈##'#'###.....##'#≈≈≈≈≈≈
≈≈≈≈§≈≈≈≈≈≈§≈≈§≈≈##'##+#..≈≈≈≈≈≈≈
≈≈≈≈≈≈≈≈≈≈≈≈§§≈≈≈≈§≈§≈≈≈..≈≈≈≈≈≈≈
≈≈≈≈≈≈≈≈≈≈§§§≈§≈≈≈≈≈≈§≈≈,,≈≈≈≈≈≈≈
≈≈≈≈≈≈≈≈≈≈≈≈**≈≈≈≈≈≈≈≈≈,,,≈≈≈≈≈≈≈


You could see a flayed ghost, 2 hellions, a tormentor, a molten gargoyle, 2 red
devils, a hell hound (catching breath) and an orc zombie.

Vanquished Creatures
  Mara (Vaults:3)
  2 juggernauts (Depths:4)
  Sojobo (Vaults:1)
  A caustic shrike (Depths:2)
  Geryon (Hell)
  A bone dragon (Depths:5)
  9 Brimstone Fiends
  A Hell Sentinel (Abyss:3)
  2 tentacled monstrosities
  4 liches
  Asterion (Vaults:3)
  8 titans
  7 tentacled starspawn (Abyss:3)
  2 sphinxes
  Gastronok (D:12)
  8 shadow dragons
  An acid blob (shapeshifter) (Vaults:5)
  Kirke (D:12)
  7 tengu reavers
  Agnes (Spider:2)
  2 thorn hunters
  Donald (Vaults:1)
  A daeva (Depths:3)
  5 storm dragons
  The ghost of 1Viktor the Imperceptible, an adept SpWr of Dithmenos (Swamp:4)
  14 fire giants
  5 frost giants
  A draconian knight (Vaults:1)
  An orc warlord (Orc:2)
  6 emperor scorpions
  A cacodemon (Hell)
  4 deep elf sorcerers
  3 iron dragons
  Louise (D:14)
  4 ghost moths (Spider:4)
  Aizul (Swamp:4)
  4 imperial myrmidons (Desolation)
  21 vault wardens
  2 ghouls (Vaults:2)
  2 draconian annihilators (Depths:5)
  A spriggan defender (Depths:3)
  A deep elf elementalist (Depths:4)
  13 balrugs
  A draconian stormcaller (Geh:4)
  20 ironheart preservers
  4 war gargoyles
  11 reapers
  22 very ugly things
  6 entropy weavers
  6 deep elf demonologists
  16 stone giants
  3 vampire knights
  A green draconian (Depths:5)
  2 yellow draconians (Depths:5)
  2 lorocyprocas
  20 starcursed masses (Abyss:3)
  A bunyip (shapeshifter) (Vaults:5)
  2 deep elf annihilators
  7 spark wasps
  A white draconian (Depths:5)
  2 deep elf death magi
  2 bunyips
  15 ettins
  5 eleionomae
  A blizzard demon (Abyss:3)
  A green death (Hell)
  Snorg (D:14)
  3 crystal guardians (Desolation)
  A merfolk javelineer (Depths:2)
  2 rakshasas
  13 fire dragons
  4 ragged hierophants (Desolation)
  A boulder beetle (shapeshifter) (Vaults:5)
  7 servants of whispers (Desolation)
  5 deep elf high priests
  13 great orbs of eyes
  Josephine (Lair:3)
  15 yaktaur captains
  A hell beast (Depths:2)
  31 vault guards
  Erolcha (D:12)
  14 ice dragons
  6 peacekeepers (Desolation)
  26 hydras
  4 centaur warriors
  2 ghost crabs
  27 two-headed ogres
  6 spriggan air magi
  8 boulder beetles
  2 quicksilver dragon skeletons (Geh:7)
  3 catoblepae
  4 alligators
  4 anacondas (Depths:2)
  3 dancing weapons
  2 death knights
  Erica (D:10)
  31 hell hogs
  14 deep troll shamans
  3 death yaks (Depths:2)
  11 ogre magi
  A tengu warrior (Depths:2)
  6 thrashing horrors (Abyss:3)
  7 deep troll earth magi
  2 vampire magi
  3 spriggan berserkers
  A titan zombie (Hell)
  2 orc high priests (Orc:2)
  Nergalle (Lair:1)
  A titan skeleton (Geh:7)
  An iron golem (Geh:4)
  17 sun demons
  11 spriggans
  Sonja (D:11)
  2 iron trolls
  7 wretched stars (Abyss:3)
  9 deep elf knights
  4 soul eaters
  2 golden dragon zombies
  4 sixfirhies
  A storm dragon skeleton (Geh:4)
  A shadow wraith (Vaults:2)
  A spark wasp zombie (Hell)
  33 hell knights
  2 spatial maelstroms (Abyss:3)
  5 unseen horrors
  12 skeletal warriors
  18 large abominations
  32 deep trolls
  4 goliath frogs
  14 swamp dragons
  2 ghost moth zombies (Geh:4)
  7 glowing orange brains
  2 wizards (Depths:1)
  A deep elf archer (Vaults:4)
  7 spriggan druids
  An anaconda skeleton (Hell)
  Pikel (D:5)
  The ghost of KristoblXynda the Slasher, a novice DrGl of Ashenzari (D:5)
  7 phantasmal warriors
  A shadow dragon zombie (Hell)
  3 bog bodies
  15 orc knights
  A wolf spider zombie (Hell)
  6 flayed ghosts
  9 necromancers
  15 ironbrand convokers
  4 lindwurms
  12 orb spiders
  A harpy (shapeshifter) (D:15)
  10 harpies
  21 wolf spiders
  A faun (shapeshifter) (D:13)
  32 ugly things
  A salamander (shapeshifter) (Abyss:3)
  A tengu skeleton (D:15)
  2 frost giant zombies (Hell)
  2 fire giant zombies
  6 orc sorcerers
  8 cyclopes
  4 manticores
  A stone giant zombie (Geh:4)
  3 will-o-the-wisps
  A worldbinder (Abyss:3)
  16 deep elf magi
  2 shadow dragon skeletons
  5 black mambas
  2 iron dragon skeletons
  2 moths of wrath
  3 salamanders
  2 frost giant skeletons
  A stone giant skeleton (Hell)
  A guardian serpent (shapeshifter) (Vaults:4)
  13 elephants
  2 dire elephant zombies
  An eye of devastation (Lair:5)
  13 molten gargoyles
  2 guardian serpents (Desolation)
  2 rust devils
  An eye of devastation (shapeshifter) (Vaults:1)
  6 smoke demons
  21 vault sentinels
  Psyche (D:8)
  2 shock serpent skeletons
  3 torpor snails
  14 cane toads
  3 orange demons
  A yaktaur zombie (D:15)
  7 hellions
  Maggie (D:9)
  4 rime drakes
  10 demonic crawlers
  An emperor scorpion zombie (Geh:6)
  12 komodo dragons
  6 freezing wraiths
  57 yaktaurs
  A tormentor (Geh:3)
  9 efreet
  9 ice devils
  3 tengu conjurers (Depths:1)
  A catoblepas skeleton (Geh:7)
  2 hydra zombies (Hell)
  6 hellwings
  2 queen bees
  7 ancient zymes (Abyss:3)
  9 meliai
  25 jumping spiders
  7 polar bears
  14 red devils
  8 tyrant leeches
  A hornet (shapeshifter) (Vaults:4)
  6 trolls
  A tyrant leech (shapeshifter) (Vaults:5)
  19 blink frogs
  44 saltlings (Desolation)
  23 hornets
  A raiju (Abyss:3)
  2 fire dragon zombies
  7 slime creatures
  2 dream sheep (Lair:6)
  2 ettin zombies
  3 spriggan zombies
  2 hydra skeletons
  3 ice dragon zombies
  2 ettin skeletons
  66 redbacks
  24 flying skulls
  2 shadows
  7 wyverns
  57 yaks
  32 tarantellas
  A wyvern (shapeshifter) (Depths:1)
  2 fire dragon skeletons
  Sigmund (D:2)
  An ice dragon skeleton (Geh:6)
  2 ynoxinuls (Abyss:3)
  7 basilisks
  A hog (D:12)
  3 water elementals
  2 vampires
  3 fire bats (Abyss:3)
  14 wraiths
  16 fire elementals
  A basilisk (shapeshifter) (Vaults:4)
  7 vampire mosquitoes
  3 steam dragons (Lair:6)
  2 chaos spawn (Abyss:3)
  4 neqoxecs
  Grum (D:10)
  6 acid dragons
  3 wargs
  A cane toad zombie (Hell)
  20 swamp worms
  A soldier ant (D:10)
  A soldier ant (shapeshifter) (Vaults:3)
  A tengu zombie (Hell)
  A hydra simulacrum (Hell)
  14 hell hounds
  16 water moccasins
  Duvessa (D:6)
  4 swamp drakes
  61 orc warriors
  A cane toad skeleton (Geh:4)
  3 snapping turtle zombies
  A sky beast (shapeshifter) (Depths:3)
  A black bear (D:6)
  An ice dragon simulacrum (Abyss:3)
  A phantom (Geh:4)
  4 sky beasts
  3 ice beasts
  7 necrophages
  An alligator simulacrum (Hell)
  34 ogres
  3 eyes of draining
  A tengu (shapeshifter) (Depths:4)
  12 boggarts
  12 wolves
  12 centaurs
  A manticore skeleton (Geh:4)
  A lemure (D:5)
  7 big kobolds
  13 bullfrogs
  A wyvern zombie (D:8)
  A human simulacrum (Vaults:3)
  A cane toad simulacrum (Hell)
  Dowan (D:6)
  18 small abominations
  A troll zombie (Geh:4)
  3 scorpions
  45 killer bees
  6 electric eels
  30 wights
  A howler monkey (D:9)
  4 crimson imps
  A bullfrog zombie (D:10)
  2 centaur zombies
  2 hounds
  3 quasits
  5 jellies
  6 centaur skeletons
  27 orc priests
  32 orc wizards
  9 iguanas
  3 iron imps (Abyss:3)
  3 worker ants
  Terence (D:2)
  A hell rat (Lair:5)
  An ogre skeleton (Geh:4)
  7 gnolls
  A howler monkey skeleton (D:4)
  16 adders
  4 white imps
  7 ufetubi
  An adder zombie (D:7)
  3 oozes
  An adder skeleton (D:4)
  2 worms (D:3)
  5 dart slugs
  7 leopard geckos
  118 orcs
  6 ball pythons
  7 giant cockroaches
  4 hobgoblins
  10 jackals
  30 kobolds
  9 quokkas
  9 bats
  11 frilled lizards
  6 goblins
  A leopard gecko skeleton (D:8)
  A quokka skeleton (D:8)
  A quokka zombie (D:8)
  8 rats
  A briar patch (Swamp:2)
  7 starspawn tentacles (Abyss:3)
2407 creatures vanquished.

Vanquished Creatures (collateral kills)
  A hell hog (Hell)
  A sun demon (Hell)
  A rust devil (Hell)
  An ice devil (Hell)
  A red devil (Hell)
5 creatures vanquished.

Vanquished Creatures (others)
  An ironheart preserver (Vaults:5)
  A deep elf elementalist (Vaults:5)
  A reaper (Geh:4)
  A vault guard (Vaults:5)
  A hydra (Swamp:4)
  2 hell hogs
  A deep elf knight (Vaults:3)
  4 hell knights
  A golden dragon zombie (Geh:7)
  An unseen horror (Depths:2)
  A ghost moth zombie (Abyss:3)
  A necromancer (Geh:4)
  An iron dragon skeleton (Geh:7)
  3 large abominations (Abyss:3)
  2 efreet (Geh:4)
  A red devil (Geh:7)
  A hydra skeleton (Geh:4)
  A jumping spider (Spider:1)
  An ettin zombie (Geh:4)
  A shadow (Geh:4)
  A fire elemental (Geh:4)
  A chaos spawn (Abyss:3)
  A neqoxec (Abyss:3)
  A swamp worm (Swamp:3)
  A swamp drake (Swamp:4)
  A centaur (D:14)
  A necrophage (Geh:7)
  A wolf (Depths:4)
  A snapping turtle skeleton (Geh:7)
  3 small abominations (Abyss:3)
  An orc priest (Vaults:3)
  An orc wizard (D:5)
  2 orcs (D:9)
  7 bushes (Lair:4)
  20 foxfires
  29 fungi
  140 plants
  7 starspawn tentacles (Abyss:3)
  A withered plant (D:15)
247 creatures vanquished.

Grand Total: 2659 creatures vanquished

Notes
Turn   | Place    | Note
-------+----------+-------------------------------------------
     0 | D:1      | Delamore the Gargoyle Fighter began the quest for the Orb.
     0 | D:1      | Reached XP level 1. HP: 14/14 MP: 1/1
   276 | D:1      | Reached XP level 2. HP: 17/19 MP: 2/2
   752 | D:2      | Noticed Sigmund
   791 | D:1      | Reached XP level 3. HP: 4/24 MP: 3/3
  1101 | D:2      | Noticed Terence
  1403 | D:2      | Killed Terence
  1404 | D:2      | Reached skill level 4 in Shields
  1404 | D:2      | Reached XP level 4. HP: 27/29 MP: 4/4
  1705 | D:2      | Found Gozag's Platinum Reserve.
  1780 | D:2      | Found an opulent altar of Gozag.
  1983 | D:2      | Killed Sigmund
  1984 | D:2      | Reached skill level 5 in Fighting
  1984 | D:2      | Reached skill level 5 in Shields
  1984 | D:2      | Reached XP level 5. HP: 18/35 MP: 5/5
  1984 | D:2      | Reached XP level 6. HP: 20/40 MP: 6/6
  2546 | D:3      | Found a glowing drain.
  2556 | Sewer    | Entered a sewer
  2693 | Sewer    | Reached skill level 5 in Maces & Flails
  2718 | Sewer    | Reached XP level 7. HP: 30/44 MP: 7/7
  3680 | D:4      | Found a staircase to the Ecumenical Temple.
  3702 | Temple   | Entered the Ecumenical Temple
  3734 | Temple   | Became a worshipper of Warmaster Okawaru
  3790 | D:4      | Reached skill level 1 in Throwing
  4268 | D:5      | Entered Level 5 of the Dungeon
  4428 | D:5      | Reached XP level 8. HP: 45/49 MP: 8/8
  4469 | D:5      | Found a one-way gate to the infinite horrors of the Abyss.
  4469 | D:5      | Noticed KristoblXynda's ghost (novice DrGl)
  5058 | D:5      | Noticed Pikel
  5109 | D:5      | Killed Pikel
  5109 | D:5      | Reached * piety under Okawaru
  5384 | D:5      | Found the brooch of Shielding {Spirit SH+8}
  5407 | D:5      | Reached XP level 9. HP: 53/54 MP: 9/9
  5711 | D:5      | Reached skill level 5 in Throwing
  5763 | D:5      | Found a transporter.
  5789 | D:5      | Found a sparkling altar of Nemelex Xobeh.
  5789 | D:5      | Found a glowing silver altar of Zin.
  5794 | D:5      | Found a glowing golden altar of the Shining One.
  5796 | D:5      | Found a faded altar of an unknown god.
  5797 | D:5      | Found a blossoming altar of Fedhas.
  5831 | D:5      | Found a transporter.
  6145 | D:5      | Killed KristoblXynda's ghost
  6145 | D:5      | Reached ** piety under Okawaru
  6146 | D:5      | Reached skill level 10 in Maces & Flails
  6656 | D:6      | Noticed Dowan
  6656 | D:6      | Noticed Duvessa
  6670 | D:6      | Killed Duvessa
  6682 | D:6      | Killed Dowan
  6682 | D:6      | Reached *** piety under Okawaru
  6881 | D:6      | Found a shimmering altar of Xom.
  6882 | D:6      | Found a basalt altar of Yredelemnul.
  6882 | D:6      | Found an opulent altar of Gozag.
  6883 | D:6      | Found a radiant altar of Vehumet.
  7236 | D:7      | Found Fini Olainn's Jewellery Boutique.
  7417 | D:7      | Reached XP level 10. HP: 25/59 MP: 5/10
  7962 | D:8      | Noticed Psyche
  7975 | D:8      | Killed Psyche
  7975 | D:8      | Received a gift from Okawaru
  8304 | D:8      | Reached **** piety under Okawaru
  8333 | D:8      | Found Birghaeva's Magic Scroll Emporium.
  8632 | D:9      | Received a gift from Okawaru
  8757 | D:9      | Noticed Maggie
  8787 | D:9      | Killed Maggie
  9339 | D:9      | Found a staircase to the Lair.
  9730 | D:9      | Reached ***** piety under Okawaru
  9996 | Lair:1   | Entered Level 1 of the Lair of Beasts
 10014 | Lair:1   | Noticed a seven-headed hydra
 10028 | Lair:1   | Killed a seven-headed hydra
 10028 | Lair:1   | Received a gift from Okawaru
 10029 | Lair:1   | Reached XP level 11. HP: 33/64 MP: 6/11
 10221 | Lair:1   | Found a runed translucent door.
 10238 | Lair:1   | Noticed a wolf spider
 10258 | Lair:1   | Killed a wolf spider
 10259 | Lair:1   | Reached skill level 6 in Shields
 10280 | Lair:1   | Got a shimmering whip
 10296 | Lair:1   | Identified the +8 whip "Ylaul" {venom, +Fly Str+4 Int-2}
                  | (You found it on level 1 of the Lair of Beasts)
 10541 | Lair:1   | Noticed Nergalle
 10557 | Lair:1   | Killed Nergalle
 10558 | Lair:1   | Reached skill level 7 in Shields
 10732 | Lair:1   | Received a gift from Okawaru
 11093 | Lair:1   | Noticed a boulder beetle
 11093 | Lair:1   | Noticed a boulder beetle
 11107 | Lair:1   | Killed a boulder beetle
 11108 | Lair:1   | Reached skill level 8 in Shields
 11125 | Lair:1   | Killed a boulder beetle
 11533 | Lair:2   | Reached skill level 9 in Shields
 11555 | Lair:2   | Reached XP level 12. HP: 70/76 MP: 10/12
 11604 | Lair:2   | Noticed a five-headed hydra
 11621 | Lair:2   | Killed a five-headed hydra
 11926 | Lair:2   | Noticed a four-headed hydra
 11938 | Lair:2   | Killed a four-headed hydra
 11939 | Lair:2   | Reached skill level 10 in Fighting
 11939 | Lair:2   | Reached skill level 10 in Shields
 12118 | Lair:2   | Noticed a five-headed hydra
 12118 | Lair:2   | Noticed an eight-headed hydra
 12154 | Lair:2   | Killed a five-headed hydra
 12155 | Lair:2   | Killed an eight-headed hydra
 12455 | Lair:2   | Received a gift from Okawaru
 12492 | Lair:2   | Noticed a boulder beetle
 12516 | Lair:2   | Killed a boulder beetle
 12605 | Lair:2   | Noticed a four-headed hydra
 12619 | Lair:2   | Killed a four-headed hydra
 12620 | Lair:2   | Reached skill level 11 in Shields
 13050 | Lair:2   | Reached ****** piety under Okawaru
 13050 | Lair:2   | Received a gift from Okawaru
 13254 | Lair:2   | Found a hole to the Spider Nest.
 13388 | D:8      | Bought a scroll of acquirement for 676 gold pieces
 13388 | D:8      | Acquired 513 gold pieces
 13390 | D:8      | Bought a scroll of identify for 26 gold pieces
 13390 | D:8      | Bought a scroll of identify for 26 gold pieces
 13390 | D:8      | Bought a scroll of identify for 26 gold pieces
 13390 | D:8      | Bought a scroll of identify for 26 gold pieces
 13511 | Lair:3   | Found a staircase to the Swamp.
 13523 | Lair:3   | Noticed a boulder beetle
 13541 | Lair:3   | Killed a boulder beetle
 13541 | Lair:3   | Received a gift from Okawaru
 13542 | Lair:3   | Reached XP level 13. HP: 63/86 MP: 9/13
 13620 | Lair:3   | Reached skill level 12 in Shields
 14440 | Lair:4   | Noticed Josephine
 14458 | Lair:3   | Killed Josephine
 14707 | Lair:4   | Received a gift from Okawaru
 14961 | Lair:4   | Reached skill level 13 in Shields
 16175 | Lair:5   | Received a gift from Okawaru
 16216 | Lair:5   | Reached skill level 14 in Shields
 16267 | Lair:5   | Gained mutation: Your large and strong wings let you fly
                  | indefinitely. [Gargoyle growth]
 16267 | Lair:5   | Reached XP level 14. HP: 54/96 MP: 7/14
 17085 | Lair:5   | Found a staircase to the Slime Pits.
 17907 | Lair:6   | Entered Level 6 of the Lair of Beasts
 18169 | Lair:6   | Reached skill level 15 in Fighting
 18169 | Lair:6   | Reached skill level 15 in Shields
 18316 | Lair:6   | Received a gift from Okawaru
 18379 | Lair:6   | Reached skill level 1 in Invocations
 18397 | Lair:6   | Reached skill level 1 in Evocations
 19221 | D:10     | Entered Level 10 of the Dungeon
 19221 | D:10     | Noticed Grum
 19227 | D:10     | Killed Grum
 19265 | D:10     | Found Kuimacen's Weapon Shoppe.
 19267 | D:10     | Found a staircase to the Orcish Mines.
 19267 | D:10     | Found Rygeoz's Armour Shoppe.
 19280 | D:10     | Noticed Erica
 19303 | D:10     | Killed Erica
 19386 | D:10     | Received a gift from Okawaru
 20022 | Orc:1    | Entered Level 1 of the Orcish Mines
 20067 | Orc:2    | Entered Level 2 of the Orcish Mines
 20352 | Orc:2    | Found Zoeguuph's Armour Shoppe.
 20487 | Orc:2    | Bought a +2 pair of gloves of dexterity for 279 gold pieces
 20565 | Orc:2    | Reached skill level 5 in Armour
 20709 | Orc:2    | Found a roughly hewn altar of Beogh.
 20939 | Orc:2    | Found a staircase to the Elven Halls.
 20958 | Orc:2    | Reached XP level 15. HP: 70/103 MP: 12/17
 21162 | Orc:2    | Noticed an orc warlord
 21237 | Orc:2    | Killed an orc warlord
 21237 | Orc:2    | Received a gift from Okawaru
 21605 | Orc:2    | Found Dedyapt's Antique Weapon Shoppe.
 21622 | Orc:2    | Found a roughly hewn altar of Beogh.
 21622 | Orc:2    | Found Huso's Antique Armour Emporium.
 21695 | Orc:2    | Found a roughly hewn altar of Beogh.
 21784 | Orc:2    | Found a roughly hewn altar of Beogh.
 21820 | Orc:2    | Found Zuith's General Store.
 21830 | Orc:2    | Bought a scroll of identify for 32 gold pieces
 21830 | Orc:2    | Bought the cursed +0 pair of boots of Xemuh {Regen+ Slay+2}
                  | for 270 gold pieces
 21850 | Orc:2    | Found a roughly hewn altar of Beogh.
 21889 | Orc:2    | Found a roughly hewn altar of Beogh.
 21947 | Orc:2    | Found a roughly hewn altar of Beogh.
 21948 | Orc:2    | Found Dyboomn's General Store.
 22105 | Orc:2    | Bought a glowing helmet for 262 gold pieces
 22145 | Orc:2    | Bought a polished whip for 262 gold pieces
 22145 | Orc:2    | Identified the +4 whip of Crawling {pain, +Fly rF- rC+
                  | Dex+2} (You bought it in a shop on level 2 of the Orcish
                  | Mines)
 22227 | Orc:2    | Bought a scroll of identify for 32 gold pieces
 22227 | Orc:2    | Bought a scroll of fear for 56 gold pieces
 22276 | Orc:1    | Found Hoesikh's Gadget Shop.
 22281 | Orc:1    | Found Biecud's Assorted Antiques.
 22289 | Orc:1    | Received a gift from Okawaru
 22344 | Orc:1    | Bought a scroll of identify for 46 gold pieces
 22344 | Orc:1    | Bought a potion of heal wounds for 115 gold pieces
 22344 | Orc:1    | Bought a scroll of identify for 46 gold pieces
 22380 | Orc:1    | Found Vitadero's Book Boutique.
 22530 | Orc:1    | Found a shimmering blue altar of Sif Muna.
 22544 | Orc:1    | Identified Sif Muna's Grimoire of Transformation
 22559 | Orc:1    | Found Mumoum's Book Shoppe.
 22753 | D:11     | Reached skill level 5 in Invocations
 22891 | D:11     | Noticed Sonja
 22919 | D:11     | Killed Sonja
 23294 | D:12     | Noticed Gastronok
 23296 | D:12     | Noticed Erolcha
 23308 | D:12     | Killed Gastronok
 23339 | D:12     | Killed Erolcha
 23541 | D:12     | Noticed Kirke
 23561 | D:12     | Killed Kirke
 23561 | D:12     | Received a gift from Okawaru
 23562 | D:12     | Reached skill level 5 in Evocations
 23827 | D:12     | Found a sacrificial altar of Ru.
 24046 | D:13     | Reached skill level 16 in Shields
 24133 | D:13     | Reached skill level 15 in Maces & Flails
 24615 | D:13     | Found a radiant altar of Vehumet.
 24933 | D:14     | Noticed Louise
 25039 | D:14     | Received a gift from Okawaru
 25177 | D:14     | Killed Louise
 25178 | D:14     | Reached XP level 16. HP: 56/108 MP: 10/19
 25265 | D:14     | Found a gate to the Vaults.
 25274 | D:14     | Noticed Snorg
 25288 | D:14     | Killed Snorg
 25518 | D:14     | You are sucked into a shaft and drop 1 floor!
 25518 | D:15     | Entered Level 15 of the Dungeon
 25519 | D:15     | Found a staircase to the Depths.
 25610 | D:15     | Reached skill level 17 in Shields
 25954 | D:15     | Found a bloodstained altar of Trog.
 26544 | D:15     | Received a gift from Okawaru
 27077 | Swamp:1  | Entered Level 1 of the Swamp
 27501 | Swamp:1  | Reached skill level 18 in Shields
 27659 | Swamp:2  | Noticed a thorn hunter
 27673 | Swamp:2  | Killed a thorn hunter
 27951 | Swamp:2  | Reached XP level 17. HP: 113/113 MP: 20/20
 28340 | Swamp:3  | Received a gift from Okawaru
 28445 | Swamp:3  | Found a blossoming altar of Fedhas.
 28881 | Swamp:4  | Entered Level 4 of the Swamp
 28891 | Swamp:4  | Noticed Aizul
 28907 | Swamp:4  | Reached skill level 19 in Shields
 28912 | Swamp:4  | Killed Aizul
 28924 | Swamp:4  | Received a gift from Okawaru
 28953 | Swamp:4  | Received a gift from Okawaru
 28983 | Swamp:4  | Got a decaying rune of Zot
 29188 | Swamp:4  | Found a runed translucent gate.
 29188 | Swamp:4  | Found a runed translucent gate.
 29188 | Swamp:4  | Found a runed translucent gate.
 29189 | Swamp:4  | Noticed 1Viktor's ghost (adept SpWr)
 29213 | Swamp:4  | Killed 1Viktor's ghost
 29580 | Spider:1 | Entered Level 1 of the Spider Nest
 29609 | Spider:1 | Received a gift from Okawaru
 29628 | Spider:1 | Got a pitted kite shield
 29656 | Spider:1 | Identified the cursed +0 kite shield of the Shoals {rCorr
                  | Str+2} (You found it on level 1 of the Spider Nest)
 30048 | Spider:2 | Noticed Agnes
 30072 | Spider:2 | Killed Agnes
 30236 | Spider:2 | Received a gift from Okawaru
 30872 | Spider:3 | Reached XP level 18. HP: 116/119 MP: 19/21
 31807 | Spider:4 | Entered Level 4 of the Spider Nest
 31825 | Spider:4 | Received a gift from Okawaru
 31901 | Spider:4 | Reached skill level 20 in Shields
 32137 | Spider:4 | Reached skill level 10 in Armour
 32447 | Spider:3 | Received a gift from Okawaru
 32728 | Spider:4 | Got a gossamer rune of Zot
 33185 | Vaults:1 | Entered Level 1 of the Vaults
 33308 | Vaults:1 | Reached skill level 10 in Throwing
 33724 | Vaults:1 | Reached skill level 21 in Shields
 33857 | Vaults:1 | Noticed Sojobo
 33883 | Vaults:1 | Reached XP level 19. HP: 66/124 MP: 10/22
 33892 | Vaults:1 | Killed Sojobo
 34069 | Vaults:1 | Received a gift from Okawaru
 34087 | Vaults:1 | Noticed Donald
 34094 | Vaults:1 | Killed Donald
 34344 | Vaults:1 | Reached skill level 22 in Shields
 35369 | Vaults:2 | Found a staircase to the Crypt.
 35551 | Vaults:2 | Reached skill level 23 in Shields
 36062 | Vaults:2 | Received a gift from Okawaru
 36115 | Vaults:2 | Found Saatoif's Assorted Antiques.
 36123 | Vaults:2 | Bought a scroll of fear for 119 gold pieces
 36368 | Vaults:2 | Reached XP level 20. HP: 129/129 MP: 23/23
 36468 | Vaults:2 | Identified the +1 chain mail of Hopscotch {*Corrode Str+3
                  | Int+8 Stlth-} (You found it on level 2 of the Vaults)
 36599 | Vaults:3 | Found a ruined gateway.
 36611 | Desolati | Entered the Desolation of Salt
 36704 | Desolati | Received a gift from Okawaru
 36744 | Desolati | Got a slimy steel ring
 36745 | Desolati | Identified the ring "Jozeujeq" {MR+ MP+9 Str+6 Int+4
                  | Stlth-} (You found it in the Desolation of Salt)
 36822 | Desolati | Received a gift from Okawaru
 36877 | Desolati | Found the +12 glaive of Prune {vorpal}
 36904 | Desolati | Got a steaming lead ring
 36905 | Desolati | Identified the ring of Beogh's Fury {rCorr SInv} (You found
                  | it in the Desolation of Salt)
 36978 | Desolati | Got a smoking golden ring
 36979 | Desolati | Identified the ring of Kimatz {*Contam rElec rF+ MR+
                  | Stlth+} (You found it in the Desolation of Salt)
 36992 | Desolati | Identified the cursed +1 double sword "Neuff" {freeze,
                  | Int+4}
 37007 | Desolati | Got a transparent ivory ring
 37386 | Desolati | Received a gift from Okawaru
 37816 | Vaults:3 | Identified the +3 kite shield of Objectivity {rF- Int+3
                  | Stlth+}
 37816 | Vaults:3 | Noticed Asterion
 37865 | Vaults:3 | Killed Asterion
 37883 | Vaults:3 | Identified a +0 pair of boots of running (You found it in
                  | the Desolation of Salt)
 37898 | Vaults:3 | Identified the ring of Macestot {rF+ Str+6 Int+3} (You
                  | found it in the Desolation of Salt)
 38020 | Vaults:3 | Noticed Mara
 38032 | Vaults:3 | Noticed Delamore's illusion
 38045 | Vaults:3 | Noticed Delamore's illusion
 38047 | Vaults:3 | Killed Mara
 38097 | Vaults:3 | Received a gift from Okawaru
 38136 | Vaults:3 | Found Sasumir's Assorted Antiques.
 38164 | Vaults:3 | Bought a slimy granite ring for 125 gold pieces
 38164 | Vaults:3 | Bought a scroll of enchant weapon for 187 gold pieces
 38164 | Vaults:3 | Bought a scroll of silence for 187 gold pieces
 38164 | Vaults:3 | Bought an emerald ring for 125 gold pieces
 38164 | Vaults:3 | Bought a pair of runed gloves for 187 gold pieces
 38190 | Vaults:3 | Identified the ring of the Mantidfly {rC- Int+2 Dex+5
                  | Slay+4 Stlth+} (You bought it in a shop on level 3 of the
                  | Vaults)
 38748 | Vaults:3 | Cast into level 3 of the Abyss (a deep elf sorcerer)
 38967 | Abyss:3  | Reached XP level 21. HP: 137/137 MP: 24/24
 39041 | Abyss:3  | Reached skill level 24 in Shields
 39254 | Abyss:3  | Found an ancient bone altar of Kikubaaqudgha.
 39291 | Abyss:3  | Received a gift from Okawaru
 39423 | Abyss:3  | Got a twisted morningstar
 39819 | Abyss:3  | Gained mutation: You are occasionally teleported next to
                  | monsters. [a neqoxec]
 39914 | Abyss:3  | Gained mutation: You are frail. (-10% HP) [a neqoxec]
 40067 | Abyss:3  | Reached skill level 10 in Evocations
 40238 | Abyss:3  | Paralysed by accursed screaming for 1 turns
 40287 | Abyss:3  | Lost mutation: You are frail. (-10% HP) [potion of
                  | mutation]
 40287 | Abyss:3  | Lost mutation: You are occasionally teleported next to
                  | monsters. [potion of mutation]
 40287 | Abyss:3  | Gained mutation: Your mind is acute. (Int +2) [potion of
                  | mutation]
 40287 | Abyss:3  | Gained mutation: You are agile. (Dex +2) [potion of
                  | mutation]
 40289 | Vaults:3 | Escaped the Abyss
 40399 | Vaults:3 | Received a gift from Okawaru
 40573 | Vaults:3 | Identified the +6 morningstar "Cifiobi" {vorpal, rF++ rC+
                  | Str-3} (You found it on level 3 of the Abyss)
 40928 | Vaults:4 | Reached XP level 22. HP: 138/146 MP: 25/25
 42405 | Vaults:5 | Entered Level 5 of the Vaults
 42417 | Vaults:5 | Received a gift from Okawaru
 42549 | Vaults:5 | Received a gift from Okawaru
 42550 | Vaults:5 | Reached skill level 25 in Shields
 42598 | Vaults:5 | Identified the +10 war axe of Terror {freeze, Int-4 Dex+5}
 42839 | Vaults:5 | Received a gift from Okawaru
 42840 | Vaults:5 | Received a gift from Okawaru
 42841 | Vaults:5 | Reached XP level 23. HP: 69/153 MP: 16/29
 42969 | Vaults:5 | Received a gift from Okawaru
 43011 | Vaults:5 | Identified the ring of Wozuoxim {*Contam +Fly rElec rPois
                  | MR+++}
 43292 | Vaults:5 | Reached skill level 10 in Invocations
 43406 | Vaults:5 | Identified the Reference Book on Feathery Evil
 43409 | Vaults:5 | Identified the Compendium of the Ashen Glacier
 43538 | Vaults:5 | Got a silver rune of Zot
 43640 | Vaults:5 | Identified the +7 chain mail of Fasan {Regen+}
 43653 | Vaults:5 | Received a gift from Okawaru
 43922 | Vaults:5 | Found Taotuav's Gadget Shoppe.
 43970 | Vaults:5 | Found Ypequap's Antique Armour Shoppe.
 44373 | Vaults:5 | Received a gift from Okawaru
 44510 | Vaults:5 | Identified the Compendium of the Owl
 44539 | Vaults:5 | Got a translucent mace {god gift}
 44554 | Vaults:5 | Identified the +4 mace "Peujamuw" {flame, rPois rC+}
                  | (Okawaru gifted it to you on level 5 of the Vaults)
 44560 | Vaults:5 | Got a dazzling morningstar {god gift}
 44561 | Vaults:5 | Identified the +5 morningstar of Midsummer {freeze, *Noise
                  | +Fly rF- rN+++} (Okawaru gifted it to you on level 5 of the
                  | Vaults)
 44587 | Vaults:5 | Identified the +4 chain mail of the Boiling Point {rElec
                  | rC- Regen+ rCorr} (You found it on level 5 of the Vaults)
 44756 | Depths:1 | Entered Level 1 of the Depths
 44812 | Depths:1 | Received a gift from Okawaru
 45192 | Depths:1 | Found a gateway to Hell.
 45618 | Depths:1 | Got a scintillating glass ring
 45644 | Depths:1 | Reached XP level 24. HP: 163/163 MP: 31/32
 45718 | Depths:1 | You fall into a shaft and drop 1 floor!
 45731 | Depths:2 | Received a gift from Okawaru
 45971 | Depths:2 | Noticed a caustic shrike
 45983 | Depths:2 | Killed a caustic shrike
 46374 | Depths:2 | Received a gift from Okawaru
 46565 | Depths:2 | Found Jijus's Book Shoppe.
 46813 | Depths:2 | Found an ancient bone altar of Kikubaaqudgha.
 47543 | Depths:3 | Received a gift from Okawaru
 47577 | Depths:3 | Found a glowing golden altar of the Shining One.
 47758 | Depths:3 | Found a one-way gate leading to the halls of Pandemonium.
 47950 | Depths:4 | Noticed a juggernaut
 47958 | Depths:4 | Noticed a juggernaut
 47963 | Depths:4 | Killed a juggernaut
 47966 | Depths:4 | Identified the +10 short sword "Qiggix" {chaos, *Noise rN+
                  | Str+4 SInv}
 48409 | Depths:4 | Reached XP level 25. HP: 159/170 MP: 30/33
 48609 | Depths:4 | Killed a juggernaut
 48609 | Depths:4 | Received a gift from Okawaru
 48662 | Depths:4 | Reached skill level 15 in Evocations
 48912 | Depths:4 | Received a gift from Okawaru
 49601 | Depths:5 | Entered Level 5 of the Depths
 49601 | Depths:5 | Found a portal to a secret trove of treasure.
 49658 | Depths:5 | Identified the ring of Xiriss {rElec rC+ rN+ Str+6} (You
                  | found it on level 1 of the Depths)
 49703 | Depths:5 | Received a gift from Okawaru
 50436 | Depths:5 | Reached skill level 15 in Invocations
 50478 | Depths:5 | Found a gate to the Realm of Zot.
 50746 | Depths:5 | Found a gateway to a ziggurat.
 50824 | Hell     | Entered the Vestibule of Hell
 50824 | Hell     | Noticed Geryon
 51506 | Hell     | Reached XP level 26. HP: 102/179 MP: 17/34
 51510 | Hell     | Killed Geryon
 51511 | Hell     | Reached skill level 15 in Armour
 51669 | Hell     | Found a gateway to the ashen valley of Gehenna.
 51678 | Geh:1    | Entered Level 1 of Gehenna
 52099 | Geh:4    | Received a gift from Okawaru
 52313 | Geh:4    | Received a gift from Okawaru
 52865 | Geh:5    | Received a gift from Okawaru
 53037 | Geh:7    | Entered Level 7 of Gehenna
 53319 | Geh:7    | Received a gift from Okawaru
 53376 | Geh:7    | Received a gift from Okawaru
 53823 | Geh:7    | Reached XP level 27. HP: 32/188 MP: 8/34
 53928 | Geh:7    | HP: 2/188 [hellion/damnation (28)]
 53932 | Geh:7    | Killed from afar by a hellion

Illustrated notes

Levels and vault maps discovered:
D:1:      ebering_trefoil_twist, layout_loops_ring
D:2:      wad_woods_settlement, layout_basic, nicolae_gozag_zags_fifth_avenue,
          uniq_terence, uniq_sigmund
D:3:      layout_basic, cheibrodos_sewer_entry_drain
D:4:      layout_cave_pools, minmay_temple_entry_purple_smoke,
          corexii_checkpoint_a, columned_hall_lemuel
D:5:      minmay_bubble_buster, layout_basic,
          chequers_temple_overflow_minitemple, gammafunk_ghost_abyssal_escape,
          uniq_pikel
D:6:      layout_cave_pools, chequers_temple_overflow_statue_of_worship,
          hangedman_decor_push, item_on_display_a, uniq_duvessa
D:7:      layout_cave_pools, serial_shops, shop
D:8:      layout_layer_cave, serial_shops, nicolae_shop_window_shopping,
          uniq_psyche
D:9:      layout_layer_cave, dpeg_oklobed_lair, uniq_maggie
D:10:     layout_loops_ring, orc_david_3, uniq_grum, uniq_erica
D:11:     layout_roguey, uniq_sonja
D:12:     layout_basic, nicolae_ru_path_of_blood, uniq_erolcha, uniq_kirke,
          uniq_gastronok
D:13:     layout_long_grid, basic_altar
D:14:     layout_rooms, erik_vaults_1, ebering_dispersal_statue_hall,
          uniq_louise, uniq_snorg
D:15:     gammafunk_depths_entry_grave, layout_long_grid, lemuel_doored_altar
Temple:   eino_temple_water
Lair:1:   gammafunk_indiana_jones, layout_gridlike, serial_bayou_shore_a,
          grunt_megastairs_3, uniq_nergalle
Lair:2:   layout_regular_city, nicolae_spider_entry_orb_guardian,
          minmay_shattered_shrine, minmay_lair_oklob_chamber
Lair:3:   layout_hall_layers, swamp_mist, serial_bayou_pond_e, worms_lemuel,
          serial_bayou_shore_b
Lair:4:   layout_roguey, st_stairs_10, minmay_hedge_maze, lemuel_fruit_fields,
          uniq_josephine
Lair:5:   regret_index_tunnel_blossom, layout_regular_city,
          minmay_slime_entry_eyes
Lair:6:   guppyfry_lair_end_dragon, layout_regular_city, wormcave,
          grunt_megastairs_1
Swamp:1:  layout_basic_swamp, serial_swamp_ruin, hangedman_swamp_ruin_wall,
          evilmike_swamp_ruin_house_5, evilmike_swamp_ruin_house_1, swamp_pool1
Swamp:2:  layout_basic_swamp, evilmike_swamp_ruin_house_4, swamp_pool2
Swamp:3:  layout_basic_swamp, nicolae_swamp_godswood, swamp_pool3
Swamp:4:  swamp_alternative, layout_basic_swamp, ebering_ghost_rock_garden,
          uniq_aizul
Spider:1: layout_spider_delve
Spider:2: layout_spider_delve, nicolae_looking_at_the_future, uniq_agnes
Spider:3: layout_spider_delve, nicolae_crawler_farm
Spider:4: spider_rune_water
Orc:1:    layout_diamond_mine, serial_shops, nicolae_shop_stone, shop,
          shop_statue, nicolae_shop_crystal, led_sif_book
Orc:2:    grunt_orc_community_town_hall, layout_diamond_mine,
          grunt_orc_community_big_house_2, grunt_orc_community_big_house_1,
          grunt_orc_community_house_3, grunt_orc_community_house_1,
          grunt_orc_community_house_2, grunt_orc_community_house_3,
          serial_shops, shop, basic_altar
Vaults:1: grunt_vaults_trifunnel, v_misc_27, v_misc_12, vaults_room_grid,
          v_misc_15, v_pattern_1, nicolae_vaults_theta, v_misc_11,
          hangedman_vaults_corner, hangedman_vaults_impose, sword_in_stone,
          v_misc_24, nicolae_vaults_theta, ontoclasm_vaults_claustrophobia,
          layout_vaults_maze, uniq_donald
Vaults:2: minmay_crypt_entry_simple_corners, v_misc_3, vaults_room_hallway,
          v_misc_14, vaults_mumra_hex, v_rooms_1,
          ontoclasm_vaults_loading_screen, hangedman_vaults_stretched_pinwheel,
          grunt_vaults_hallway_short, layout_vaults_quadrants, serial_shops,
          shop
Vaults:3: ontoclasm_vaults_chip, hangedman_vaults_variations,
          hangedman_vaults_capsules, grunt_vaults_diagonal, v_misc_29,
          v_misc_27, nicolae_vaults_big_angled_halls,
          nicolae_vaults_little_squares_6, hangedman_vaults_pinch, st_eye,
          vaults_room_stairs_pillars, layout_vaults_omnibox,
          portal_desolation_entry_nicolae_slug, serial_shops,
          nicolae_shop_overgrown_old_shop, uniq_mara, uniq_asterion
Vaults:4: nicolae_vaults_inception_network, nicolae_vaults_back_hallway,
          v_alt_pattern_4, nicolae_vaults_alarming, ontoclasm_vaults_ring_small,
          v_misc_2, nicolae_vaults_asterisk, v_misc_27, grunt_vaults_focal,
          layout_vaults_chaotic_city
Vaults:5
Depths:1: layout_gridlike, hell_entry, nicolae_benzene_ring, nicolae_wwwww,
          minmay_checkered_concentric_circles
Depths:2: hangedman_hanging_gardens, layout_gridlike, minmay_room_of_horrors,
          hell_entry, lemuel_round_altar, serial_shops, kennysheep_little_box
Depths:3: wander_protected_by_tso, layout_basic, serial_curves, eino_curves_03,
          eino_curves_01, hellmouth_1, serial_bayou_lagoon_a,
          rand_demon_pan_entry_9
Depths:4: minmay_the_grid_square_5x5_4x4_mashed
          [minmay_the_grid_square_5x5_six_small, minmay_the_grid_square_5x5_c,
          minmay_the_grid_square_5x5_bite, minmay_the_grid_square_5x5_inner_v,
          minmay_the_grid_square_5x5_meh,
          minmay_the_grid_square_5x5_prize_itemx,
          minmay_the_grid_square_5x5_prize_open,
          minmay_the_grid_square_5x5_shrine1,
          minmay_the_grid_square_5x5_checkered_statues,
          minmay_the_grid_square_5x5_prize_waves,
          minmay_the_grid_square_5x5_prize_open,
          minmay_the_grid_square_5x5_inner_z, minmay_the_grid_square_5x5_v,
          minmay_the_grid_square_5x5_detours,
          minmay_the_grid_square_5x5_spiral_small,
          minmay_the_grid_square_5x5_longway], layout_long_grid, minivault_11,
          hangedman_geh_valley, abyss_entry, kilobyte_rumbling_trees
Depths:5: evilmike_zot_entry_hall, layout_cave_pools, enter_ziggurat_d,
          hangedman_coc_ice_floe, enter_trove_0, corexii_hall_statues_deadend,
          serial_sigils, serial_sigils_hangedman_quiver,
          serial_sigils_hangedman_scratch, serial_sigils_hangedman_clutch,
          serial_sigils_hangedman_gut, pan_entry
Hell
Geh:1:    layout_gehenna_pools_basic
Geh:2:    layout_gehenna_pools_box
Geh:3:    layout_gehenna_pools_basic, hangedman_elemental_grid_stream
Geh:4:    layout_gehenna_pools_box, hangedman_hellfire_club
Geh:5:    grunt_deathspiral_small, layout_gehenna_pools_basic,
          lemuel_hellish_altar
Geh:6:    layout_gehenna_pools_triple
Geh:7:    geh_hangedman

Skill      XL: |  1  2  3  4  5  6  7  8  9 10 11 12 13 14 15 16 17 18 19 20 21 22 23 24 25 26 27 |
---------------+----------------------------------------------------------------------------------+-----
Fighting       | 4 5 9 12 14 15 16 17 18 20 22 23 | 23.1
Shields        | 4 5 9 11 14 15 16 18 19 21 23 24 25 | 25.0
Maces & Flails | 3 5 7 8 11 14 15 17 18 | 18.1
Throwing       | 2 4 5 7 10 11 | 11.8
Invocations    | 3 5 9 12 13 15 | 15.0
Evocations     | 3 5 8 10 12 13 14 15 | 15.0
Armour         | 5 8 10 12 14 16 | 16.5

Action                   |  1- 3 |  4- 6 |  7- 9 | 10-12 | 13-15 | 16-18 | 19-21 | 22-24 | 25-27 || total
-------------------------+-------+-------+-------+-------+-------+-------+-------+-------+-------++-------
Melee: Flail             |    78 |   205 |   373 |       |       |       |       |       |       ||   656
       Whip              |       |       |   231 |   862 |  2342 |   449 |       |       |       ||  3884
       Eveningstar       |       |       |       |       |       |  1178 |  1401 |       |       ||  2579
       Morningstar       |       |       |       |       |       |       |   114 |  1735 |  1698 ||  3547
Throw: Dart              |     1 |     5 |    11 |       |     6 |     2 |       |       |       ||    25
       Javelin           |       |       |       |       |       |       |       |    14 |       ||    14
       Throwing net      |       |       |       |       |       |       |       |     2 |       ||     2
Invok: Heroism           |       |       |     1 |     2 |     2 |     4 |       |     3 |       ||    12
       Finesse           |       |       |       |     1 |     2 |     2 |     3 |     3 |     2 ||    13
 Abil: Fly               |       |       |       |       |     1 |       |       |     1 |     1 ||     3
       Stop Flying       |       |       |       |       |       |       |       |     2 |       ||     2
Evoke: Wand              |       |       |     1 |     1 |       |       |     1 |       |     1 ||     4
  Use: Scroll            |       |     2 |     2 |    17 |     9 |    18 |    13 |     9 |     9 ||    79
       Potion            |       |       |     3 |       |     1 |     5 |     1 |     7 |     4 ||    21
 Stab: Confused          |       |       |       |       |       |     1 |       |       |       ||     1
       Held in net/web   |       |       |       |       |       |     1 |       |       |       ||     1
       Distracted        |       |       |       |       |       |       |     1 |       |       ||     1
       Petrified         |       |       |       |       |       |       |       |    21 |       ||    21
       Petrifying        |       |       |       |       |       |       |       |     3 |       ||     3
Armor: Scale mail        |    46 |       |       |       |       |       |       |       |       ||    46
       Chain mail        |       |   174 |   301 |   234 |   362 |   941 |     6 |       |       ||  2018
       Crystal plate arm |       |       |       |       |       |       |   707 |   883 |  1183 ||  2773
Dodge: Dodged            |    23 |    59 |    96 |   106 |   148 |   387 |   174 |   174 |   258 ||  1425
Block: Kite shield       |    43 |   118 |   300 |   525 |   466 |  1154 |    35 |       |       ||  2641
       Tower shield      |       |       |       |       |  1528 |  1156 |   691 |  2496 |  2826 ||  8697
       Other             |       |       |       |       |     6 |       |   256 |       |       ||   262

Table legend: (Time is in decaauts)
 A = Elapsed time spent in this place.
 B = Non-inter-level travel time spent in this place.
 C = Inter-level travel time spent in this place.
 D = Time resting spent in this place.
 E = Time spent auto-exploring this place.
 F = Levels seen in this place.
 G = Mean time per level.
                   A        B        C        D        E       F      G
               +--------+--------+--------+--------+--------+-----+--------+
         Total |  50515 |  48113 |   2402 |   5755 |  29285 |  53 |  953.1 |
       Dungeon |  14482 |  13525 |    957 |   1680 |   8748 |  15 |  965.5 |
        Temple |     42 |     33 |      9 |      0 |     29 |   1 |   42.0 |
          Lair |   8567 |   8031 |    536 |    394 |   6087 |   6 | 1427.8 |
         Swamp |   2336 |   2246 |     90 |    129 |   1660 |   4 |  584.0 |
   Spider Nest |   3279 |   3104 |    175 |    317 |   1840 |   4 |  819.8 |
  Orcish Mines |   2364 |   2118 |    246 |    242 |   1260 |   2 | 1182.0 |
        Vaults |   8134 |   7845 |    289 |    875 |   4741 |   5 | 1626.8 |
        Depths |   6174 |   6076 |     98 |   1069 |   3344 |   5 | 1234.8 |
          Hell |    244 |    244 |      0 |     96 |      0 |   1 |  244.0 |
       Gehenna |   1939 |   1939 |      0 |    662 |    194 |   7 |  277.0 |
         Abyss |   1429 |   1429 |      0 |    265 |    548 |   1 | 1429.0 |
         Sewer |    531 |    531 |      0 |      0 |    340 |   1 |  531.0 |
    Desolation |    990 |    990 |      0 |     26 |    491 |   1 |  990.0 |
               +--------+--------+--------+--------+--------+-----+--------+

Top non-repeatable levels by time:
     D:5: 2232 daAuts
Vaults:4: 2134 daAuts
  Lair:2: 1945 daAuts
   Orc:2: 1800 daAuts
Depths:5: 1688 daAuts
  Lair:5: 1645 daAuts
Vaults:1: 1625 daAuts
Vaults:5: 1607 daAuts
     D:9: 1458 daAuts
Vaults:2: 1440 daAuts
 Abyss:3: 1429 daAuts
  Lair:4: 1428 daAuts
  Lair:1: 1391 daAuts
Vaults:3: 1325 daAuts
Depths:3: 1290 daAuts
